 Dungeon Crawl Stone Soup version 0.26.0-16-gc1dbca0489 (webtiles) character file.

Game seed: 14535453638037941572

235 thiole the Sneak (level 6, -6/36 HPs)
             Began as an Octopode Hedge Wizard on Jan 19, 2021.
             Mangled by an iron imp (9 damage)
             ... summoned by Natasha
             ... on level 4 of the Dungeon.
             The game lasted 00:05:43 (4173 turns).

thiole the Sneak (Octopode Hedge Wizard)            Turns: 4173, Time: 00:05:44

Health: -6/36      AC:  1    Str:  9    XL:     6   Next: 5%
Magic:  12/12      EV: 13    Int: 18    God:
Gold:   136        SH:  0    Dex: 12    Spells: 12/13 levels left

rFire    . . .     SeeInvis .   a - +0 dagger
rCold    . . .     Faith    .   (no shield)
rNeg     . . .     Spirit   .   b - +0 hat
rPois    .         Reflect  .   (no amulet)
rElec    .         Harm     .   (no ring)
rCorr    .         Rampage  .   (no ring)
Will     .....                  (no ring)
Stlth    ++++......             (no ring)
HPRegen  0.12/turn              (no ring)
MPRegen  0.13/turn              (no ring)
                                (no ring)
                                (no ring)

@: slowed, very slow
A: almost no armour, stealthy swim, amphibious, 8 rings, constrict 8, camouflage
1, gelatinous body 1
a: no special abilities


You were on level 4 of the Dungeon.
You visited 1 branch of the dungeon, and saw 4 of its levels.

You collected 136 gold pieces.

Inventory:

Hand Weapons
 a - a +0 dagger (weapon)
 q - a +0 falchion of protection
Armour
 b - a +0 hat (worn)
 n - a +0 kite shield
Jewellery
 d - an uncursed ring of protection from cold {unknown}
 g - an uncursed ring of stealth {unknown}
Scrolls
 c - 3 scrolls of teleportation
 e - a scroll of enchant weapon {unknown}
 f - a scroll of magic mapping {unknown}
 k - a scroll of remove curse
 p - a scroll of identify {unknown}
Potions
 i - 2 potions of mutation {unknown}
 j - a potion of resistance {unknown}
 l - a potion of might {unknown}
 m - a potion of lignification {unknown}
 o - a potion of berserk rage {unknown}


   Skills:
 - Level 2.1 Dodging
 + Level 5.6 Stealth
 + Level 4.4 Spellcasting
 - Level 2.0 Conjurations
 - Level 2.0 Summonings
 - Level 1.3 Translocations


You had 12 spell levels left.
You knew the following spells:

 Your Spells              Type           Power        Failure   Level
a - Magic Dart            Conj           44%          6%          1

Your spell library contained the following spells:

 Spells                   Type           Power        Failure   Level
 Call Imp                 Summ           11%          10%         2
 Blink                    Tloc           N/A          12%         2
 Slow                     Hex            3%           22%         2
 Conjure Flame            Conj/Fire      7%           28%         3
 Mephitic Cloud           Conj/Pois/Air  6%           32%         3


Dungeon Overview and Level Annotations

Branches:
Dungeon (4/15)
 Temple: D:4-7

Altars:
Fedhas
Kikubaaqudgha
Okawaru
Yredelemnul

Annotations:
D:4 Dowan, Duvessa, Natasha


Innate Abilities, Weirdness & Mutations

You cannot wear most types of armour.
You are very stealthy in the water. (Stealth+)
You are amphibious.
You can wear up to eight rings at the same time.
You can use your tentacles to constrict eight enemies at once.
Your skin changes colour to match your surroundings (Stealth+).
Your rubbery body absorbs attacks. (AC +1, EV +1)


Message History

Natasha claws you. The iron imp closely misses you.
You hit Natasha but do no damage. Your grab misses Natasha.
Natasha stares at you and mumbles some strange words.
The magic dart hits you!
* * * LOW HITPOINT WARNING * * *
The crimson imp blinks!
You closely miss Natasha. You grab Natasha. You constrict Natasha.
Natasha misses you. The iron imp barely misses you. The crimson imp misses you.
You hit Natasha but do no damage. You squeeze Natasha.
Natasha is moderately wounded.
You constrict Natasha. Natasha casts a spell at you.
You feel yourself slow down. The iron imp hits you.
* * * LOW HITPOINT WARNING * * *
The crimson imp closely misses you.
You barely miss Natasha.
Natasha is moderately wounded.
You constrict Natasha. Natasha misses you. The crimson imp closely misses you.
The iron imp hits you!
You die...

#.....########..###
+..................
#....####.......###
#....# #........#
#....####........#
#......##........#
#......##........#
#.h5...#########.##
###@5...# #..#
#.(.....# ##.#
#........# #.#
#.(.#....# #.#
#...#...)# #.#
#...#....# #.#
#...#....# #.#
#...# ...# #..
#...# ##.


You could see an iron imp (summoned), Natasha and a crimson imp (summoned).

Vanquished Creatures
  2 orc priests (D:3)
  An iguana (D:4)
  A hound skeleton (D:4)
  3 adders
  4 gnolls (D:4)
  A worm (D:3)
  A dart slug (D:1)
  2 leopard geckos
  7 orcs (D:3)
  A ball python (D:3)
  3 giant cockroaches
  7 goblins
  5 hobgoblins
  A jackal (D:3)
  8 kobolds
  4 quokkas
  7 bats
  2 frilled lizards
  7 rats
67 creatures vanquished.

Notes
Turn   | Place    | Note
-------+----------+-------------------------------------------
     0 | D:1      | thiole the Octopode Hedge Wizard began the quest for the
                  | Orb.
     0 | D:1      | Reached XP level 1. HP: 11/11 MP: 4/4
   110 | D:1      | Reached XP level 2. HP: 17/17 MP: 4/6
   288 | D:1      | Reached skill level 3 in Stealth
   711 | D:1      | Reached XP level 3. HP: 19/21 MP: 3/7
  1574 | D:3      | Reached XP level 4. HP: 27/27 MP: 5/9
  2543 | D:3      | Reached skill level 4 in Stealth
  2938 | D:3      | Found a basalt altar of Yredelemnul.
  2938 | D:3      | Found an iron altar of Okawaru.
  2954 | D:3      | Reached XP level 5. HP: 16/31 MP: 7/10
  2970 | D:3      | Found an ancient bone altar of Kikubaaqudgha.
  3273 | D:3      | Found a faded altar of an unknown god.
  3274 | D:3      | Found a faded altar of an unknown god.
  3380 | D:4      | Found a blossoming altar of Fedhas.
  3442 | D:4      | Reached skill level 5 in Stealth
  3860 | D:4      | Reached XP level 6. HP: 8/36 MP: 9/12
  4138 | D:4      | Noticed Duvessa
  4138 | D:4      | Noticed Dowan
  4155 | D:4      | Noticed Natasha
  4173 | D:4      | Mangled by an iron imp

Illustrated notes

Levels and vault maps discovered:
D:1:      minmay_arrival_up_and_down, layout_loops_ring
D:2:      layout_rooms, chequers_serial_rivers_micro_b
D:3:      layout_basic, chequers_temple_overflow_minitemple,
          nicolae_underground_beach
D:4:      layout_basic, fedhas_ov_isle_minmay, uniq_natasha, uniq_menkaure,
          uniq_duvessa

Skill      XL: |  1  2  3  4  5 |
---------------+----------------+-----
Stealth        | 3 4 5 |  5.6
Summonings     | 2 |  2.0
Conjurations   | 2 |  2.0
Spellcasting   | 4 |  4.4
Dodging        | |  2.1
Translocations | |  1.3

Action                   |  1- 3 |  4- 6 || total
-------------------------+-------+-------++-------
Melee: Dagger            |    50 |    64 ||   114
       Constrict         |    13 |    15 ||    28
       Tentacles         |    14 |    11 ||    25
 Cast: Magic Dart        |    54 |    83 ||   137
  Use: Scroll            |     3 |       ||     3
       Potion            |       |     5 ||     5
Armor: Skin              |     8 |     2 ||    10
Dodge: Dodged            |    25 |    43 ||    68
